 Dungeon Crawl Stone Soup version 0.29-a0-322-g68df515428 (webtiles) character file.

Game seed: 15219598346067938186

307 kae the Firebug (level 6, 0/35 HPs)
             Began as a Tengu Fire Elementalist on Apr 7, 2022.
             Slain by Edmund
             ... wielding a +4 flail of protection
              (6 damage)
             ... on level 4 of the Dungeon.
             The game lasted 00:03:33 (5543 turns).

kae the Firebug (Tengu Fire Elementalist)           Turns: 5543, Time: 00:03:34

Health: 0/35       AC:  3    Str:  8      XL:     6   Next: 40%
Magic:  5/11       EV: 15    Int: 17 (18) God:
Gold:   222        SH:  0    Dex: 12 (14) Spells: 0/10 levels left

rFire   + . .      SeeInvis .   c - +1 dagger (flame)
rCold   x . .      Faith    .   (no shield)
rNeg    . . .      Spirit   .   a - +1 robe
rPois   .          Reflect  .   (helmet restricted)
rElec   .          Harm     .   (no cloak)
rCorr   .          Rampage  .   (no gloves)
Will    +....                   (boots unavailable)
Stlth   ++........              (no amulet)
HPRegen 0.11/turn               k - ring of fire
MPRegen 0.12/turn               g - ring of willpower

@: flying quickly and evasively, quick
A: beak, talons 3, nimble flight
a: no special abilities


You were on level 4 of the Dungeon.
You visited 1 branch of the dungeon, and saw 4 of its levels.
You also visited: Sewer.

You collected 222 gold pieces.

Inventory:

Hand Weapons
 c - a +1 dagger of flaming (weapon)
Missiles
 n - 2 throwing nets
Armour
 a - a +1 robe (worn)
 j - a +0 cloak
Jewellery
 g - a ring of willpower (right hand)
 k - a ring of fire (left hand)
Wands
 l - a wand of flame (16)
Scrolls
 b - a scroll of enchant weapon
 d - a scroll of fog
 e - 2 scrolls of blinking
 m - a scroll of silence
 o - 2 scrolls of teleportation
Potions
 f - a potion of resistance
 h - 3 potions of curing
 p - a potion of brilliance
 q - a potion of berserk rage {unknown}


   Skills:
 + Level 2.0 Fighting
 + Level 2.3 Armour
 + Level 3.3 Dodging
 - Level 2.0 Stealth
 + Level 2.8 Spellcasting
 + Level 3.0 Conjurations
 * Level 5.0 Fire Magic


You couldn't memorise any spells.
You knew the following spells:

 Your Spells              Type           Power      Damage    Failure   Level
a - Foxfire               Conj/Fire      96%        2x1d8     3%          1
b - Scorch                Fire           58%        2d7       3%          2
c - Conjure Flame         Conj/Fire      24%        6-21      10%         3
d - Inner Flame           Hex/Fire       16%        N/A       19%         3
z - Magic Dart            Conj           48%        1d5       5%          1

Your spell library contained the following spells:

 Spells                   Type           Power      Damage    Failure   Level
 Call Imp                 Summ           2%         N/A       26%         2
 Flame Wave               Conj/Fire      24%        2d7       32%         4
 Mephitic Cloud           Conj/Pois/Air  5%         N/A       34%         3


Dungeon Overview and Level Annotations

Branches:
Dungeon (4/15)              Sewer (visited)
 Temple: D:4-7

Altars:

Annotations:
D:4 Edmund, Sigmund


Innate Abilities, Weirdness & Mutations

You have a beak for a mouth.
You have claws for feet.
Your magical nature lets you fly swiftly and evasively.


Message History

HP restored.
You start waiting.
Edmund says, "People will remember me!
They'll remember me and die!"
Done waiting.
Casting: Foxfire (safe; 3% risk of failure)
Confirm with . or Enter, or press ? or * to list all spells.
You feel a surge of power!
Flames lash the black bear.
The black bear is moderately wounded.
The black bear's fire resistance burns away.
Casting: Scorch (safe; 3% risk of failure)
Confirm with . or Enter, or press ? or * to list all spells.
You can't see any susceptible monsters within range! (Use Z to cast anyway.)
Casting: Scorch (safe; 3% risk of failure)
Confirm with . or Enter, or press ? or * to list all spells.
You can't see any susceptible monsters within range! (Use Z to cast anyway.)
Casting: Scorch (safe; 3% risk of failure)
Confirm with . or Enter, or press ? or * to list all spells.
You can't see any susceptible monsters within range! (Use Z to cast anyway.)
Casting: Scorch (safe; 3% risk of failure)
Confirm with . or Enter, or press ? or * to list all spells.
You feel a surge of power!
Flames lash Edmund.
Edmund is lightly wounded.
Edmund's fire resistance burns away.
Edmund hits you with a +4 flail of protection!
Edmund hits you with a +4 flail of protection!
* * * LOW HITPOINT WARNING * * *
Casting: Scorch (safe; 3% risk of failure)
Confirm with . or Enter, or press ? or * to list all spells.
You feel a surge of power!
Flames lash the black bear.
The black bear is burned terribly!
The black bear is severely wounded.
The black bear is engulfed in a cloud of scalding steam.
The black bear goes berserk!
Edmund hits you with a +4 flail of protection.
* * * LOW HITPOINT WARNING * * *
The black bear is engulfed in a cloud of scalding steam.
You kill the black bear!
Edmund clears his throat.
Edmund hits you with a +4 flail of protection.
You die...

.........# ########.###
#######...# #..(...<#.#
#######.#######.#
#.............#.#
#.#####.#####.#.### #### #.#
#......####...# ..# #.#
#.#.####≈≈@≈§≈# #.#
###.###.#....####@..#####.#######
.......)......................>..
...)...)..............>...####.##
#.#)###..........................
#.#.# ###############............
#.#.# #.####.###.## #.#.# #.#
##.###.## #.#.# #.# #..[..h..


You could see Edmund (combustible).

Vanquished Creatures
  A black bear (D:4)
  A hound (D:4)
  An iguana (D:4)
  2 orc wizards (D:4)
  4 adders
  4 gnolls
  3 river rats (Sewer)
  A worm (D:3)
  2 orcs (D:4)
  5 bats
  10 endoplasms
  8 giant cockroaches
  7 goblins
  7 hobgoblins
  A jackal (D:3)
  7 kobolds
  2 quokkas (D:1)
  12 ball pythons
  8 frilled lizards
  12 rats
98 creatures vanquished.

Vanquished Creatures (others)
  144 foxfires
144 creatures vanquished.

Grand Total: 242 creatures vanquished

Notes
Turn   | Place    | Note
-------+----------+-------------------------------------------
     0 | D:1      | kae the Tengu Fire Elementalist began the quest for the
                  | Orb.
     0 | D:1      | Reached XP level 1. HP: 10/10 MP: 4/4
    89 | D:1      | Reached XP level 2. HP: 8/15 MP: 1/6
   620 | D:1      | Learned a level 2 spell: Scorch
  1147 | D:1      | Found a faded altar of an unknown god.
  1189 | D:1      | Reached XP level 3. HP: 20/20 MP: 4/7
  1191 | D:1      | Learned a level 1 spell: Magic Dart
  1769 | D:2      | Reached skill level 1 in Fighting
  2800 | D:3      | Reached skill level 4 in Fire Magic
  2830 | D:3      | Reached skill level 1 in Armour
  3062 | D:3      | Reached XP level 4. HP: 25/25 MP: 8/8
  3573 | D:3      | Gained mutation: Your magical nature lets you fly swiftly
                  | and evasively. [Tengu growth]
  3573 | D:3      | Reached XP level 5. HP: 29/29 MP: 3/9
  4117 | D:4      | Reached XP level 6. HP: 26/35 MP: 8/11
  4225 | D:4      | Found a glowing drain.
  4294 | D:4      | Noticed Sigmund
  4356 | Sewer    | Entered a sewer
  4739 | Sewer    | Reached skill level 5 in Fire Magic
  5121 | Sewer    | Learned a level 3 spell: Conjure Flame
  5125 | Sewer    | Learned a level 3 spell: Inner Flame
  5209 | D:4      | Noticed Edmund
  5211 | D:4      | Noticed a black bear
  5543 | D:4      | Killed a black bear
  5543 | D:4      | Slain by Edmund

Illustrated notes

Levels and vault maps discovered:
D:1:      matt_arrival_grand_opening, layout_basic,
          dreamdust_ecumenical_altar_hidden_monk_grotto, minmay_strange_pillars,
          minmay_misc_feat_more_columns
D:2:      layout_basic
D:3:      layout_loops_cross, minmay_joined_circles
D:4:      layout_basic, gup_sewer_entry_glass, chequers_serial_rivers_micro_b,
          uniq_edmund, uniq_eustachio, uniq_blork_the_orc, uniq_sigmund

Skill      XL: |  1  2  3  4  5  6 |
---------------+-------------------+-----
Conjurations   | 2 3 |  3.0
Fighting       | 1 2 |  2.0
Fire Magic     | 4 5 |  5.0
Armour         | 1 2 |  2.3
Dodging        | 3 |  3.3
Stealth        | |  2.0
Spellcasting   | |  2.8

Action                   |  1- 3 |  4- 6 || total
-------------------------+-------+-------++-------
Melee: Unarmed           |     5 |       ||     5
       Kick              |     5 |    11 ||    16
       Dagger            |    25 |    51 ||    76
       Peck              |     5 |     6 ||    11
 Cast: Foxfire           |    52 |    39 ||    91
       Scorch            |    16 |    30 ||    46
  Use: Scroll            |     9 |     4 ||    13
       Potion            |       |     3 ||     3
 Stab: Sleeping          |     3 |     3 ||     6
Armor: Robe              |     6 |    23 ||    29
Dodge: Dodged            |    22 |    67 ||    89

Table legend: (Time is in decaauts)
 A = Elapsed time spent in this place.
 B = Non-inter-level travel time spent in this place.
 C = Inter-level travel time spent in this place.
 D = Time resting spent in this place.
 E = Time spent auto-exploring this place.
 F = Levels seen in this place.
 G = Mean time per level.
                   A        B        C        D        E       F      G
               +--------+--------+--------+--------+--------+-----+--------+
         Total |   5463 |   5355 |    108 |    589 |   4046 |   5 | 1092.6 |
       Dungeon |   4709 |   4601 |    108 |    282 |   3712 |   4 | 1177.2 |
         Sewer |    753 |    753 |      0 |    307 |    334 |   1 |  753.0 |
               +--------+--------+--------+--------+--------+-----+--------+

Top non-repeatable levels by time:
     D:1: 1509 daAuts
     D:2: 1235 daAuts
     D:4: 991 daAuts
     D:3: 973 daAuts
   Sewer: 753 daAuts
